 Dungeon Crawl Stone Soup version 0.24.0-125-gc4c63601f3 (webtiles) character file.

Game seed: 14501235633375723296, levelgen mode: deterministic

14770 Defined the Thaumaturge (level 12, -3/89 HPs)
             Began as a Gnoll Wizard on Feb 23, 2020.
             Was a High Priest of Sif Muna.
             Slain by a sun demon (14 damage)
             ... summoned by an orc high priest
             ... on level 2 of the Orcish Mines.
             The game lasted 01:02:50 (13560 turns).

Defined the Thaumaturge (Gnoll Wizard)             Turns: 13560, Time: 01:02:51

Health: -3/89      AC: 12    Str: 11    XL:     12   Next: 20%
Magic:  5/26       EV: 22    Int: 29    God:    Sif Muna [*****.]
Gold:   451        SH:  6    Dex: 14    Spells: 7/31 levels left

rFire    . . .     SeeInvis .   a - +9 staff of Olgreb {rPois}
rCold    . . .     Gourm    .   F - +0 buckler
rNeg     . . .     Faith    .   G - +0 steam dragon scales
rPois    ∞         Spirit   .   k - +2 helmet
rElec    .         Reflect  .   H - +0 cloak
rCorr    .         Harm     .   A - +0 pair of gloves
MR       .....                  (no boots)
Stlth    ++++......             i - amulet of regeneration
HPRegen  0.64/turn              v - +5 ring of evasion
MPRegen  0.20/turn              p - ring of wizardry

@: brilliant, radiating poison, very slightly contaminated, invisible
A: distributed training, fangs 1, strong nose
a: Channel Magic, Forget Spell, Divine Exegesis, Renounce Religion


You were on level 2 of the Orcish Mines.
You worshipped Sif Muna.
Sif Muna was extremely pleased with you.
You were not hungry.

You visited 3 branches of the dungeon, and saw 13 of its levels.
You visited the Abyss 1 time.
You also visited: Ossuary.

You collected 1175 gold pieces.
You spent 724 gold pieces at shops.

Inventory:

Hand Weapons
 a - the +9 staff of Olgreb (weapon) {rPois}
   (You found it on level 9 of the Dungeon)

   It protects you from poison.
Missiles
 y - 35 poisoned darts (quivered)
Armour
 k - a +2 helmet (worn)
 A - a +0 pair of gloves (worn)
 F - a +0 buckler (worn)
 G - +0 steam dragon scales (worn)
 H - a +0 cloak (worn)
Jewellery
 i - an amulet of regeneration (around neck)
 p - a ring of wizardry (right hand)
 v - a +5 ring of evasion (left hand)
 L - the ring "Diadde" {+Blink rN+ Str-2 Int+2 Stlth-}
   (You bought it in a shop on level 1 of the Orcish Mines)

   [ring of attention]

   It affects your strength (-2).
   It affects your intelligence (+2).
   It protects you from negative energy.
   It lets you blink.
   It makes you less stealthy.
Wands
 j - a wand of acid (3)
 n - a wand of digging (6)
 o - a wand of flame (46)
 w - a wand of iceblast (8)
 J - a wand of polymorph (10)
Scrolls
 b - 2 scrolls of immolation
 c - 4 scrolls of remove curse
 l - a scroll of fog
 q - 3 scrolls of amnesia
 I - 3 scrolls of enchant weapon
Potions
 e - a potion of berserk rage
 f - 2 potions of brilliance
 g - 2 potions of haste
 h - a potion of invisibility
 m - a potion of flight
 z - 2 potions of curing
 D - 2 potions of might
 E - 2 potions of mutation
Miscellaneous
 B - a fan of gales (inert)
Comestibles
 d - 18 rations
 r - 5 chunks of flesh


   Skills:
 + Level 6.9 Fighting
 + Level 6.9 Short Blades
 + Level 6.9 Long Blades
 + Level 6.9 Axes
 + Level 6.9 Maces & Flails
 + Level 6.9 Polearms
 + Level 6.9 Staves
 + Level 6.9 Slings
 + Level 6.9 Bows
 + Level 6.9 Crossbows
 + Level 6.9 Throwing
 + Level 6.9 Armour
 + Level 8.4 Dodging
 + Level 8.2 Stealth
 + Level 6.9 Shields
 + Level 6.9 Unarmed Combat
 + Level 10.0 Spellcasting
 + Level 6.2 Conjurations
 + Level 5.7 Hexes
 + Level 5.7 Charms
 + Level 6.2 Summonings
 + Level 5.7 Necromancy
 + Level 6.2 Translocations
 + Level 5.7 Transmutations
 + Level 5.7 Fire Magic
 + Level 5.7 Ice Magic
 + Level 5.7 Air Magic
 + Level 5.7 Earth Magic
 + Level 5.7 Poison Magic
 + Level 7.6 Invocations
 + Level 6.9 Evocations


You had 7 spell levels left.
You knew the following spells:

 Your Spells              Type           Power        Failure   Level  Hunger
a - Magic Dart            Conj           ####         1%          1    None
b - Mephitic Cloud        Conj/Pois/Air  #######.     1%          3    None
c - Call Imp              Summ           ######..     1%          2    None
d - Conjure Flame         Conj/Fire      ######..     1%          3    None
e - Slow                  Hex            ######..     1%          2    None
f - Tukima's Dance        Hex            ######..     1%          3    None
g - Apportation           Tloc           ######       1%          1    None
h - Passwall              Tmut/Erth      ######..     1%          2    None
i - Alistair's Intoxicat  Tmut/Pois      #######.     1%          5    ###....
z - Blink                 Tloc           N/A          1%          2    None

Your spell library contained the following spells:

 Spells                   Type           Power        Failure   Level  Hunger
 Pain                     Necr           ####         1%          1    None
 Summon Butterflies       Summ           ######..     1%          1    None
 Corpse Rot               Necr           N/A          1%          2    None
 Sublimation of Blood     Necr           ######....   1%          2    None
 Lesser Beckoning         Tloc           ######....   1%          3    None
 Petrify                  Tmut/Erth      ######..     1%          4    None
 Agony                    Necr           ######..     1%          5    ###....
 Bolt of Draining         Conj/Necr      ######....   1%          5    ###....
 Dispel Undead            Necr           ######..     1%          5    ###....
 Excruciating Wounds      Chrm/Necr      ######....   1%          5    ###....
 Invisibility             Hex            ######..     6%          6    #####..
 Statue Form              Tmut/Erth      ######...    6%          6    #####..
 Infestation              Necr           ######....   86%         8    #######


Dungeon Overview and Level Annotations

Branches:
Dungeon (10/15)            Temple (1/1) D:4            Lair (0/6) D:8
    Orc (2/2) D:9         Ossuary (visited)
    Elf: Orc:2

Altars:
Ashenzari
Cheibriados
Dithmenos
Elyvilon
Fedhas
Gozag
Hepliaklqana
Kikubaaqudgha
Makhleb
Nemelex Xobeh
Okawaru
Qazlal
Ru
Sif Muna
Trog
Uskayaw
Vehumet
Wu Jian
Xom
Yredelemnul
Zin
The Shining One

Shops:
Orc:1 =


Innate Abilities, Weirdness & Mutations

Your experience applies equally to all skills.
You have very sharp teeth.
Your uncanny sense of smell can sniff out nearby items.


Message History

A fierce wind blows from the fan.
The orc and the sun demon are blown away by the wind.
The sun demon hits you but does no damage.
You begin to radiate toxic energy.
The orc high priest is poisoned.
The orc is poisoned.
Aiming: Venom Bolt
Press: ? - help, Shift-Dir - straight line, f - orc high priest
Aim: an orc high priest, wielding a +0 broad axe (lightly wounded, poisoned)
The bolt of poison hits the orc high priest!!
The orc high priest is heavily wounded.
You feel slightly more hungry.
The orc looks even sicker.
The sun demon disappears in a puff of smoke!
The sun demon hits you.
* * * LOW HITPOINT WARNING * * *
You are engulfed in flames!
* * * LOW HITPOINT WARNING * * *
You feel better.
The orc wizard is poisoned.
The sun demon hits you.
* * * LOW HITPOINT WARNING * * *
You are engulfed in flames!
You die...

##...........##....o
#............#...... #
##...........#......
#.##....o..#....#...oo#
.....§..........#....#
.......§o.......#..#
#.....§§#...[..÷÷..#
##...#.3.......)[..#
.... #@.)...)..[)..#
... #...#o....![#..# ∆
##.###.#.).)#^.. ###
#####[)#.... #..#.....
#..#...... #.)## #.)†##
##...#####


You could see an orc high priest, a sun demon, an orc wizard and an orc.

Vanquished Creatures
  An ettin (Orc:2)
  4 two-headed ogres
  An orc high priest (Orc:2)
  A centaur skeleton (D:10)
  3 hippogriffs (D:9)
  Sigmund (D:5)
  A human (D:9)
  9 yaks (D:10)
  4 hogs (D:9)
  A steam dragon (D:7)
  2 wargs (Orc:1)
  4 soldier ants (D:9)
  4 water moccasins (D:9)
  An eye of draining (D:10)
  3 phantoms
  An ice beast (D:7)
  2 sky beasts
  9 orc warriors
  7 ogres
  2 black bears
  3 centaurs
  An elf zombie (Ossuary)
  4 big kobolds
  4 bullfrogs
  A gnoll sergeant (D:7)
  11 killer bees
  2 scorpions
  5 howler monkeys
  4 wights (D:8)
  3 crimson imps
  3 bullfrog zombies
  A centaur zombie (D:9)
  19 orc priests
  2 hounds
  2 bullfrog skeletons
  2 gnoll shamans
  5 jellies
  25 orc wizards
  An iguana (D:10)
  Terence (D:2)
  10 worker ants
  A killer bee zombie (D:7)
  2 big kobold zombies (Ossuary)
  A hound zombie (D:6)
  2 hound skeletons
  2 mummies (Ossuary)
  Robin (D:2)
  12 adders
  7 gnolls
  A shadow imp (D:7)
  An adder skeleton (D:4)
  An adder zombie (D:5)
  2 worms (D:4)
  A dart slug (D:1)
  5 leopard geckos
  46 orcs
  4 bats
  4 giant cockroaches
  2 gnoll zombies (Ossuary)
  16 goblins
  14 hobgoblins
  8 jackals
  30 kobolds
  9 quokkas
  A ball python (D:4)
  3 frilled lizards
  3 hobgoblin zombies (Ossuary)
  2 jackal skeletons
  2 orc zombies (Ossuary)
  A quokka zombie (D:9)
  6 rats
360 creatures vanquished.

Vanquished Creatures (collateral kills)
  Psyche (D:9)
  A soldier ant (D:9)
  Menkaure (D:4)
  2 bullfrogs
  A hound (D:4)
  An orc wizard (D:7)
  A worker ant (D:9)
  2 adders
  2 gnolls (D:4)
  An ooze (D:1)
  An orc (D:9)
  A hobgoblin (D:1)
  3 kobolds
  A frilled lizard (D:1)
  A gnoll zombie (Ossuary)
  2 goblin zombies (Ossuary)
  An orc zombie (Ossuary)
23 creatures vanquished.

Vanquished Creatures (others)
  A quokka (D:2)
  A kobold (D:2)
2 creatures vanquished.

Grand Total: 385 creatures vanquished

Notes
Turn   | Place    | Note
-------+----------+-------------------------------------------
     0 | D:1      | Defined the Gnoll Wizard began the quest for the Orb.
     0 | D:1      | Reached XP level 1. HP: 13/13 MP: 8/8
   177 | D:1      | Reached XP level 2. HP: 19/19 MP: 7/10
   190 | D:1      | Learned a level 2 spell: Blink
   193 | D:1      | Learned a level 2 spell: Call Imp
  1075 | D:1      | Reached XP level 3. HP: 25/25 MP: 8/11
  1562 | D:1      | Learned a level 3 spell: Mephitic Cloud
  1724 | D:2      | Noticed Terence
  1948 | D:1      | Reached skill level 1 in Fighting
  1948 | D:1      | Reached skill level 1 in Short Blades
  1948 | D:1      | Reached skill level 1 in Long Blades
  1948 | D:1      | Reached skill level 1 in Axes
  1948 | D:1      | Reached skill level 1 in Maces & Flails
  1948 | D:1      | Reached skill level 1 in Polearms
  1948 | D:1      | Reached skill level 1 in Staves
  1948 | D:1      | Reached skill level 1 in Slings
  1948 | D:1      | Reached skill level 1 in Bows
  1948 | D:1      | Reached skill level 1 in Crossbows
  1948 | D:1      | Reached skill level 1 in Throwing
  1948 | D:1      | Reached skill level 1 in Armour
  1948 | D:1      | Reached skill level 1 in Shields
  1948 | D:1      | Reached skill level 1 in Unarmed Combat
  1948 | D:1      | Reached skill level 1 in Invocations
  1948 | D:1      | Reached skill level 1 in Evocations
  1948 | D:1      | Reached XP level 4. HP: 7/32 MP: 0/13
  2277 | D:2      | Noticed Robin
  2284 | D:2      | Killed Robin
  2284 | D:2      | Reached skill level 1 in Hexes
  2284 | D:2      | Reached skill level 1 in Charms
  2284 | D:2      | Reached skill level 1 in Necromancy
  2284 | D:2      | Reached skill level 1 in Transmutations
  2284 | D:2      | Reached skill level 1 in Fire Magic
  2284 | D:2      | Reached skill level 1 in Ice Magic
  2284 | D:2      | Reached skill level 1 in Air Magic
  2284 | D:2      | Reached skill level 1 in Earth Magic
  2284 | D:2      | Reached skill level 1 in Poison Magic
  2503 | D:2      | Killed Terence
  2503 | D:2      | Reached XP level 5. HP: 31/37 MP: 4/14
  2571 | D:2      | Found a white marble altar of Elyvilon.
  3823 | D:4      | Noticed Menkaure
  3834 | D:4      | Reached XP level 6. HP: 39/44 MP: 16/16
  3842 | D:4      | Killed Menkaure
  3842 | D:4      | Reached skill level 5 in Dodging
  4155 | D:4      | Reached XP level 7. HP: 43/50 MP: 18/18
  4603 | D:4      | Found a staircase to the Ecumenical Temple.
  4687 | Temple   | Entered the Ecumenical Temple
  4748 | Temple   | Became a worshipper of Sif Muna the Loreminder
  4792 | D:4      | Learned a level 3 spell: Conjure Flame
  4795 | D:4      | Learned a level 2 spell: Slow
  5048 | D:4      | Reached skill level 5 in Stealth
  5189 | D:5      | Entered Level 5 of the Dungeon
  5294 | D:5      | Noticed Sigmund
  5359 | D:4      | Reached XP level 8. HP: 56/57 MP: 19/19
  5535 | D:5      | Killed Sigmund
  5855 | D:5      | Reached * piety under Sif Muna
  5958 | D:5      | Reached skill level 8 in Spellcasting
  6535 | D:6      | Found a sand-covered staircase.
  6540 | Ossuary  | Entered an ossuary
  6994 | D:6      | Reached XP level 9. HP: 65/65 MP: 21/21
  7315 | D:6      | Found a radiant altar of Vehumet.
  7787 | D:6      | Reached ** piety under Sif Muna
  8099 | D:7      | Noticed a two-headed ogre
  8156 | D:7      | Killed a two-headed ogre
  8309 | D:7      | Reached skill level 5 in Invocations
  8725 | D:7      | Reached XP level 10. HP: 61/73 MP: 20/22
  9133 | D:7      | Found an opulent altar of Gozag.
  9133 | D:7      | Found a sparkling altar of Nemelex Xobeh.
  9133 | D:7      | Found an iron altar of Okawaru.
  9134 | D:7      | Found a stormy altar of Qazlal.
  9134 | D:7      | Found a snail-covered altar of Cheibriados.
  9135 | D:7      | Found a shimmering altar of Xom.
  9135 | D:7      | Found a shadowy altar of Dithmenos.
  9136 | D:7      | Found a hazy altar of Hepliaklqana.
  9373 | D:8      | Noticed a two-headed ogre
  9424 | D:8      | Killed a two-headed ogre
  9424 | D:8      | Reached skill level 5 in Fighting
  9424 | D:8      | Reached skill level 5 in Short Blades
  9424 | D:8      | Reached skill level 5 in Long Blades
  9424 | D:8      | Reached skill level 5 in Axes
  9424 | D:8      | Reached skill level 5 in Maces & Flails
  9424 | D:8      | Reached skill level 5 in Polearms
  9424 | D:8      | Reached skill level 5 in Staves
  9424 | D:8      | Reached skill level 5 in Slings
  9424 | D:8      | Reached skill level 5 in Bows
  9424 | D:8      | Reached skill level 5 in Crossbows
  9424 | D:8      | Reached skill level 5 in Throwing
  9424 | D:8      | Reached skill level 5 in Armour
  9424 | D:8      | Reached skill level 5 in Shields
  9424 | D:8      | Reached skill level 5 in Unarmed Combat
  9424 | D:8      | Reached skill level 5 in Evocations
  9589 | D:8      | Reached *** piety under Sif Muna
  9861 | D:8      | Found a basalt altar of Yredelemnul.
  9867 | D:8      | Found a glowing golden altar of the Shining One.
  9869 | D:8      | Noticed an angel
  9895 | D:8      | Found a staircase to the Lair.
 10101 | D:8      | Noticed a two-headed ogre
 10130 | D:8      | Killed a two-headed ogre
 10130 | D:8      | Reached skill level 9 in Spellcasting
 10130 | D:8      | Reached skill level 5 in Conjurations
 10130 | D:8      | Reached skill level 5 in Summonings
 10130 | D:8      | Reached skill level 5 in Translocations
 10588 | D:9      | Found a runed translucent gate.
 10588 | D:9      | Found a runed translucent gate.
 10592 | D:9      | Found a runed translucent gate.
 10602 | D:9      | Found a runed translucent door.
 10642 | D:9      | Noticed a two-headed ogre
 10658 | D:9      | Killed a two-headed ogre
 10780 | D:9      | Reached XP level 11. HP: 80/81 MP: 24/24
 10807 | D:9      | Found a staircase to the Orcish Mines.
 10959 | D:9      | Reached **** piety under Sif Muna
 11052 | D:9      | Noticed Psyche
 11113 | D:9      | HP: 1/81 [something (6)]
 11113 | D:9      | Cast into level 1 of the Abyss (Psyche)
 11113 | Abyss:1  | Found a corrupted altar of Lugonu.
 11114 | Abyss:1  | Found a corrupted altar of Lugonu.
 11192 | Abyss:1  | Noticed an ancient lich
 11216 | Abyss:1  | Noticed a green death
 11252 | D:9      | Escaped the Abyss
 11409 | D:9      | Learned a level 3 spell: Tukima's Dance
 11411 | D:9      | Learned a level 1 spell: Apportation
 11420 | D:9      | Killed Psyche
 11420 | D:9      | Reached skill level 5 in Hexes
 11420 | D:9      | Reached skill level 5 in Charms
 11420 | D:9      | Reached skill level 5 in Necromancy
 11420 | D:9      | Reached skill level 5 in Transmutations
 11420 | D:9      | Reached skill level 5 in Fire Magic
 11420 | D:9      | Reached skill level 5 in Ice Magic
 11420 | D:9      | Reached skill level 5 in Air Magic
 11420 | D:9      | Reached skill level 5 in Earth Magic
 11420 | D:9      | Reached skill level 5 in Poison Magic
 11597 | D:9      | Found a runed translucent door.
 11861 | D:9      | Found the +9 staff of Olgreb {rPois}
 12188 | D:10     | Entered Level 10 of the Dungeon
 12260 | D:10     | Reached ***** piety under Sif Muna
 12346 | D:10     | Identified Sif Muna's Tome of Shifting Evil (Sif Muna
                  | gifted it to you on level 10 of the Dungeon)
 12346 | D:10     | Received a gift from Sif Muna
 12498 | D:10     | Learned a level 2 spell: Passwall
 12680 | Orc:1    | Entered Level 1 of the Orcish Mines
 12829 | Orc:1    | Found Erupuure's Jewellery Shop.
 12841 | Orc:1    | Bought an uncursed ring of wizardry for 390 gold pieces
 12841 | Orc:1    | Bought the ring "Diadde" {+Blink rN+ Str-2 Int+2 Stlth-}
                  | for 334 gold pieces
 12946 | Orc:2    | Entered Level 2 of the Orcish Mines
 12946 | Orc:2    | Noticed an ettin
 12960 | Orc:2    | Killed an ettin
 12960 | Orc:2    | Reached XP level 12. HP: 89/89 MP: 0/25
 13248 | Orc:2    | Noticed an orc high priest
 13271 | Orc:2    | Noticed a soul eater
 13273 | Orc:2    | Noticed a soul eater
 13389 | Orc:2    | Killed an orc high priest
 13389 | Orc:2    | Reached skill level 10 in Spellcasting
 13445 | Orc:2    | Learned a level 5 spell: Alistair's Intoxication
 13526 | Orc:2    | Noticed an orc high priest
 13532 | Orc:2    | Noticed a sun demon
 13532 | Orc:2    | Noticed a sun demon
 13559 | Orc:2    | HP: 3/89 [sun demon[an orc high priest] (13)]
 13560 | Orc:2    | Slain by a sun demon

Levels and vault maps discovered:
D:1:      dpeg_arrival_boxes_within_box, layout_loops_corners
D:2:      layout_basic, elyvilon_altar_4, uniq_robin, uniq_terence
D:3:      layout_loops_ring, first_ration
D:4:      layout_cave_pools, minmay_temple_entry_grid, uniq_menkaure
D:5:      layout_rooms, palyth_stone_intersect, serial_park_tiny_1,
          minmay_holes, uniq_sigmund
D:6:      layout_loops_cross, vehumet_altar_wand_db, nicolae_ossuary_entry_plus
D:7:      hangedman_cross_stitches, layout_cave_pods, grunt_temple_overflow_open
D:8:      layout_loops_ring, grunt_temple_overflow_holy_war, lair_entry_dummy
D:9:      layout_basic, david_orc_2, grunt_livestock,
          minmay_guarded_unrand_staff_of_olgreb, uniq_psyche
D:10:     layout_irregular_city, minmay_fractal_squares_gapless_5
Temple:   eino_wide_crystal_templ
Orc:1:    layout_caves, serial_shops, shop, mines1_david
Orc:2:    st_orc_mages, layout_caves

Skill      XL: |  1  2  3  4  5  6  7  8  9 10 11 12 |
---------------+-------------------------------------+-----
Conjurations   | 2 3 4 5 6 |  6.2
Summonings     | 2 3 4 5 6 |  6.2
Translocations | 2 3 4 5 6 |  6.2
Fighting       | 1 2 3 4 5 6 |  6.9
Short Blades   | 1 2 3 4 5 6 |  6.9
Long Blades    | 1 2 3 4 5 6 |  6.9
Axes           | 1 2 3 4 5 6 |  6.9
Maces & Flails | 1 2 3 4 5 6 |  6.9
Polearms       | 1 2 3 4 5 6 |  6.9
Staves         | 1 2 3 4 5 6 |  6.9
Slings         | 1 2 3 4 5 6 |  6.9
Bows           | 1 2 3 4 5 6 |  6.9
Crossbows      | 1 2 3 4 5 6 |  6.9
Throwing       | 1 2 3 4 5 6 |  6.9
Armour         | 1 2 3 4 5 6 |  6.9
Shields        | 1 2 3 4 5 6 |  6.9
Unarmed Combat | 1 2 3 4 5 6 |  6.9
Invocations    | 1 2 3 4 5 6 7 |  7.6
Evocations     | 1 2 3 4 5 6 |  6.9
Hexes          | 1 2 3 4 5 |  5.7
Charms         | 1 2 3 4 5 |  5.7
Necromancy     | 1 2 3 4 5 |  5.7
Transmutations | 1 2 3 4 5 |  5.7
Fire Magic     | 1 2 3 4 5 |  5.7
Ice Magic      | 1 2 3 4 5 |  5.7
Air Magic      | 1 2 3 4 5 |  5.7
Earth Magic    | 1 2 3 4 5 |  5.7
Poison Magic   | 1 2 3 4 5 |  5.7
Dodging        | 5 6 7 8 |  8.4
Stealth        | 5 6 7 8 |  8.2
Spellcasting   | 8 9 10 | 10.0

Action                   |  1- 3 |  4- 6 |  7- 9 | 10-12 || total
-------------------------+-------+-------+-------+-------++-------
Melee: Dagger            |   154 |    28 |       |       ||   182
       Bite              |    12 |    13 |    47 |    64 ||   136
       Trident           |       |   143 |       |       ||   143
       Mace              |       |    36 |   173 |       ||   209
       Spear             |       |       |   281 |   531 ||   812
       Punch             |       |       |     4 |       ||     4
       Falchion          |       |       |       |    22 ||    22
       Staff             |       |       |       |   115 ||   115
 Fire: Hunting sling     |       |     3 |     6 |       ||     9
 Cast: Magic Dart        |    24 |    38 |   127 |    67 ||   256
       Call Imp          |     4 |     5 |    11 |    13 ||    33
       Blink             |     2 |       |     4 |     7 ||    13
       Mephitic Cloud    |       |     7 |    22 |    11 ||    40
       Slow              |       |       |     1 |       ||     1
       Conjure Flame     |       |       |     2 |     5 ||     7
       Tukima's Dance    |       |       |       |     1 ||     1
       Alistair's Intoxi |       |       |       |     2 ||     2
Evoke: Staff of Olgreb   |       |       |       |    36 ||    36
       Wand              |       |       |       |     3 ||     3
       Fan of gales      |       |       |       |     1 ||     1
  Use: Scroll            |       |    13 |     4 |    15 ||    32
       Potion            |       |       |       |     7 ||     7
 Stab: Sleeping          |     5 |     4 |     5 |     8 ||    22
       Confused          |       |     7 |    10 |     9 ||    26
       Distracted        |       |       |       |     2 ||     2
  Eat: Chunk             |     3 |     4 |    12 |     9 ||    28
       Ration            |       |     1 |     1 |     3 ||     5
Armor: Robe              |     8 |       |       |       ||     8
       Ring mail         |    30 |       |       |       ||    30
       Leather armour    |     3 |    37 |    61 |       ||   101
       Steam dragon scal |       |       |     1 |   122 ||   123
Dodge: Dodged            |   129 |   241 |   449 |   489 ||  1308
Block: Buckler           |       |       |     3 |   125 ||   128
       Rpst.: Falchion   |       |       |       |     3 ||     3
